cohdb
Replays
Latest Replays
All Replays
Popular Replays
Top Player Replays
Match Explorer
How It Works
Community
CoH3 Stats
Reddit
Sign in to upload your games and track your stats! →
Sign in with Steam
Match 38599935
Unlisted
Match 38599935
Overview
Messages
Build Orders
End
Royal Engineer Section
Construct Section Command Post
Infantry Section
Dingo Light Scout Car
Infantry Section
Construct Platoon Command Post
Selects Air and Sea Battlegroup
Vickers Machine Gun Team
Humber Armored Car
Selects Commando Section Paradrop
Selects Commando Support Section Paradrop
Commando Section Paradrop
Construct Field Infirmary
Royal Engineer Section
Selects Supply Surplus
Construct Resource Cache
6-pounder Anti-tank Gun Team
Construct Company Command Post
Selects Centaur Medium Tank
Crusader II Medium Tank
Construct Field Infirmary
Centaur Medium Tank
Foot Guards Section
Matilda II Heavy Tank
Centaur Medium Tank
Armored Vehicle Training
Selects Anti-tank Rocket Loiter
只愛❤毛妹
Altair
0
0
Comments
sign in to comment!
No comments posted yet!